[Event "Latvijas 2022. gada jauniešu čempionāta fināls"]
[Site "Riga, Latvia"]
[Date "2022.06.16"]
[Round "9.15"]
[White "Platonovs, Nikolajs"]
[Black "Ivulans, Patriks"]
[Result "1-0"]
[TimeControl "3600+30"]
[WhiteElo "1422"]
[BlackElo "1148"]

1. e4 e5 2. Nf3 Nc6 3. Bb5 a6 4. Ba4 Nf6 5. Qe2 Be7 6. O-O b5 7. Bb3 O-O 8. c3 Na5 9. Bc2 Bb7 10.
Nxe5 d5 11. d3 dxe4 12. dxe4 Bd6 13. Nf3 Re8 14. Bg5 h6 15. Bxf6 Qxf6 16. Nbd2 Qe6 17. Nd4 Qe5 18. f4 Qe7 19.
Qg4 Bc5 20. Kh1 Bxd4 21. cxd4 Qb4 22. Nb3 Nxb3 23. Bxb3 Qxd4 24. e5 Qxb2 25. Rab1 Qd4 26. Rbd1 Qe4 27. Rfe1 Qb4 28. Re3 Rad8 29.
Rg1 Rd2 30. Rg3 Qf8 31. Qg6 c5 32.
Qxh6 c4 33. Bd1 c3 34. f5 Red8 35. Bb3 c2 36. f6 Rxg2 37. Bd5 Bxd5 38. R1xg2 Bxg2+ 39. Kxg2 Rd2+ 40. Qxd2 Qa8+ 41. Kg1 Qa7+ 42. Kf1 Qd4 43.
Rxg7+ Kf8 44. Qxd4 c1=Q+ 45. Kg2 Qc2+ 46. Kg3 Qc7 47. Qb4+ Ke8 48. Rg8+ Kd7 49. Qe7+ Kc6 50. Qxc7+ Kxc7 51.
e6 fxe6 52. f7 Kb6 53. f8=Q Ka5 54.
Qc5 e5 55. Rg6 e4 56. Qa3# 1-0

[Event "Latvijas 2022. gada jauniešu čempionāta fināls"]
[Site "Riga, Latvia"]
[Date "2022.06.16"]
[Round "9.16"]
[White "Lazars, Krisjanis"]
[Black "Beniosev, Daniel"]
[Result "0-1"]
[TimeControl "3600+30"]
[WhiteElo "1041"]
[BlackElo "1401"]

1. d4 c5 2. dxc5 e6 3. b4 a5 4. c3 axb4 5. cxb4 Qf6 6. Nc3 Qxc3+ 7. Bd2 Qf6 8. Nf3 h6 9. a4 Ne7 10.
Rc1 Nbc6 11. Bc3 Qf5 12. b5 Nd8 13. Nd2 Nd5 14. e4 Nxc3 15. Rxc3 Qe5 16. Qc2 Qd4 17. Nb3 Qxa4 18. Rc4 Qa2 19.
Qd3 Ra3 20. Rc3 g6 21. f4 g5 22.
Qd4 Rg8 23. Bc4 Bg7 24. e5 Qb1+ 25. Rc1 Qg6 26. Bd3 f5 27. Qb4 Ra8 28. Nd4 gxf4 29. Rg1 Bxe5 30. Nf3 Bf6 31. Qxf4 Bg5 32.
Nxg5 Qxg5 33. Qc4 Nf7 34. Kf2 Ne5 35. Qd4 Qd2+ 0-1

[Event "Latvijas 2022. gada jauniešu čempionāta fināls"]
[Site "Riga, Latvia"]
[Date "2022.06.16"]
[Round "9.17"]
[White "Valdats, Reinis"]
[Black "Derbenev, Arseniy"]
[Result "1-0"]
[TimeControl "3600+30"]
[WhiteElo "1488"]
[BlackElo "1477"]

1. e4 e6 2. d4 d5 3. Nc3 Bb4 4. exd5 exd5 5. Bd3 Nf6 6. Nge2 O-O 7. O-O h6 8. Ng3 Bg4 9. f3 Be6 10.
Bf4 Bd6 11. Qd2 Bxf4 12. Qxf4 c6 13. Rae1 Nbd7 14. Nd1 Nb6 15. Qc1 Nc4 16. b3 Nd6 17. Ne3 Qb6 18. c3 c5 19. Qd2 cxd4 20.
cxd4 Rac8 21. Kh1 Rc7 22. Nef5 Nxf5 23. Bxf5 Bxf5 24. Nxf5 Kh8 25. Rc1 Rfc8 26. Rfe1 Qa6 27. Rxc7 Rxc7 28.
h3 Qc6 29. Qb4 Rc8 30. Nd6 Rc7 31. Nb5 Rd7 32. Nxa7 Qa6 33. Qa4 Qxa4 34. bxa4 b6 35. Nb5 Rd8 36. Re7 Kg8 37. Rb7 Ra8 38.
Ra7 Rd8 39. Kg1 Nh5 40. Ra6 Rb8 41. Nc7 Nf4 42. Ra8 Rf8 43. Rxf8+ Kxf8 44. Na8 Ke7 45. Nxb6 Kd6 46. Kf2 Nd3+ 47.
Ke3 Nb4 48. a3 Nc2+ 49. Kd3 Nxa3 50. Kc3 Kc6 51. Kb2 Nb5 52. Nxd5 Nxd4 53. Ne3 h5 54. Kc3 Ne2+ 55. Kc4 Nf4 56.
h4 Ne6 57. g4 hxg4 58. fxg4 Nc5 59. a5 Nb7 60. Kb4 Nd6 61. Nf5 Ne8 62. Nd4+ Kb7 63. Nf3 f6 64. Nd4 Ka6 65. Ne6 Kb7 66.
Kc5 g6 67. a6+ Kxa6 68. Kc6 f5 69. g5 Ka7 70. Kd7 Ng7 71. Nf4 Kb7 72. Ke7 Kc7 73. Kf7 Nh5 74. Nxh5 gxh5 75. g6 f4 76.
g7 f3 77. g8=Q f2 78. Qg3+ 1-0

[Event "Latvijas 2022. gada jauniešu čempionāta fināls"]
[Site "Riga, Latvia"]
[Date "2022.06.16"]
[Round "9.18"]
[White "Tolmacevs, Romans"]
[Black "Krakops, Martijs"]
[Result "1/2-1/2"]
[TimeControl "3600+30"]
[WhiteElo "1466"]
[BlackElo "1253"]

1. e4 e6 2. d4 d5 3. Nc3 dxe4 4. Nxe4 Bd7 5. Nf3 Bc6 6. Bd3 Nd7 7. O-O Ngf6 8. Ned2 Be7 9. Re1 O-O 10.
c4 a5 11. Qc2 b6 12. a3 Bb7 13. b3 c5 14. Bb2 h6 15. Ne4 cxd4 16. Bxd4 Bc5 17. Bxc5 Nxc5 18. Nxc5 bxc5 19. Qe2 Qb6 20.
Bc2 Rfd8 21. Rad1 Rxd1 22. Rxd1 Rd8 23. h3 Qc7 24. Ne5 Ba8 1/2-1/2

[Event "Latvijas 2022. gada jauniešu čempionāta fināls"]
[Site "Riga, Latvia"]
[Date "2022.06.16"]
[Round "9.19"]
[White "Aleidzans, Vadims"]
[Black "Varpins, Kristians"]
[Result "1-0"]
[TimeControl "3600+30"]
[WhiteElo "1367"]
[BlackElo "1374"]

1. e4 e5 2. Nf3 Nc6 3. Bb5 Nf6 4. O-O Nxe4 5. Re1 Nd6 6. Nxe5 Be7 7. Nxc6 dxc6 8. Bf1 O-O 9. d4 Nf5 10.
c3 Be6 11. Bf4 Bd6 12. Be5 Bxe5 13. Rxe5 Qd7 14. Nd2 Kh8 15. Ne4 b6 16. Ng5 Rae8 17. Nxe6 fxe6 18. Qa4 Qf7 19. Qc2 a5 20.
Rae1 g6 21. f3 Qd7 22. Bc4 Rf6 23. Qb3 Ng7 24. a4 Qd6 25. R1e3 h6 26. Re1 Rf5 27. Qc2 Rxe5 28. Rxe5 Nf5 29.
Qe4 Kg7 30. Rxe6 Rxe6 31. Qxe6 Qxe6 32. Bxe6 Ne3 33. Bb3 b5 34. axb5 cxb5 35. Kf2 Nf5 36. g4 Nd6 37. Bd5 Kf6 38.
h4 g5 39. hxg5+ hxg5 40. Ke3 a4 41. Kd3 Kg6 42. Kc2 Nc4 43. Bxc4 bxc4 44. Kb1 1-0

[Event "Latvijas 2022. gada jauniešu čempionāta fināls"]
[Site "Riga, Latvia"]
[Date "2022.06.16"]
[Round "9.20"]
[White "Francs, Marats"]
[Black "Paikens, Reinis"]
[Result "1-0"]
[TimeControl "3600+30"]
[WhiteElo "1882"]
[BlackElo "1534"]

1. d4 d5 2. c4 c6 3. Nf3 Bf5 4.
e3 e6 5.
Nc3 Nf6 6. Nh4 Bg6 7. Qb3 Qc7 8. Bd2 Nbd7 9. Nxg6 hxg6 10. h3 Be7 11. Be2 g5 12. O-O-O O-O-O 13. Kb1 Qb6 14. Qc2 Kb8 15.
f3 Ka8 16. Be1 dxc4 17. Bxc4 g4 18. fxg4 Nxg4 19. Qe2 Ndf6 20. Rf1 Nh6 21. g4 Nd5 22. e4 Nxc3+ 23. Bxc3 Bf6 24. Qd2 Bxd4 25. Bxd4 c5 26. Bxc5 Qc7 27. Qe3 Rc8 28. b4 b6 29. Ba6 bxc5 30. Bxc8 Rxc8 31. Rc1 Qb7 32.
a3 c4 33. Qd4 1-0

[Event "Latvijas 2022. gada jauniešu čempionāta fināls"]
[Site "Riga, Latvia"]
[Date "2022.06.16"]
[Round "9.21"]
[White "Springis, Jevgenijs"]
[Black "Otrohovs, Maksims"]
[Result "1-0"]
[TimeControl "3600+30"]
[WhiteElo "1975"]
[BlackElo "1098"]

1. c4 e5 2. Nc3 Bb4 3. Qc2 Nf6 4. e3 O-O 5. Nge2 c6 6. a3 Bxc3 7. dxc3 d5 8. Ng3 d4 9. cxd4 exd4 10.
exd4 Re8+ 11. Be2 Bg4 12. Be3 Bxe2 13. Qxe2 c5 14. dxc5 Nc6 15. O-O Qc7 16. b4 a5 17. b5 Nd4 18.
Qd3 Ne6 19. Qd6 Qc8 20. Nf5 Kh8 21. c6 bxc6 22. Qxc6 Nc7 23. Nd6 Qg4 24. Qxc7 Rxe3 25. fxe3 Qe6 26. b6 Qxe3+ 27. Kh1 h5 28.
b7 Rg8 29. b8=Q h4 30. Qxg8+ Kxg8 31. Qxf7+ Kh8 32. Rxf6 Qd4 33. Qh5+ 1-0

[Event "Latvijas 2022. gada jauniešu čempionāta fināls"]
[Site "Riga, Latvia"]
[Date "2022.06.16"]
[Round "9.22"]
[White "Zajakins, Artjoms"]
[Black "Tabors, Emils"]
[Result "1/2-1/2"]
[TimeControl "3600+30"]
[WhiteElo "1596"]
[BlackElo "1813"]

1. d4 g6 2. c4 Bg7 3. Nf3 d6 4. g3 Nf6 5. Bg2 O-O 6. O-O Nbd7 7. Nc3 e5 8. e4 exd4 9. Nxd4 Nc5 10.
b3 Re8 11. Re1 Bg4 12. Qd2 a5 13. Bb2 a4 14. b4 a3 15. Bc1 Ncd7 16. f4 Nb6 17. Bf1 Be6 18. Nxe6 Rxe6 19. Rb1 Nxe4 20.
Nxe4 Qe7 21. Qd3 f5 22. Bg2 Re8 23. Qxa3 fxe4 24. Qb3 c5 25. Be3 Kh8 26. Rbd1 Qc7 27. b5 Nc8 28. Qc2 b6 29.
Re2 Bf6 30. Bh3 R6e7 31. Rde1 d5 32. cxd5 Nd6 33. a4 Bd4 34. Be6 Qb7 35. Bxd4+ cxd4 36. Qb2 Rxe6 37. Qxd4+ Kg8 38. dxe6 Rxe6 39.
Rc1 Qe7 40. Rc6 e3 41. Rc3 1/2-1/2

[Event "Latvijas 2022. gada jauniešu čempionāta fināls"]
[Site "Riga, Latvia"]
[Date "2022.06.16"]
[Round "9.23"]
[White "Stinka, Gustavs"]
[Black "Mierins, Emils Janis"]
[Result "0-1"]
[TimeControl "3600+30"]
[WhiteElo "1086"]
[BlackElo "2016"]

1. e4 c5 2. c3 d5 3. exd5 Qxd5 4.
Qf3 Nf6 5. Qxd5 Nxd5 6. Bc4 Nc7 7. Nf3 Nc6 8. O-O Bg4 9. Ng5 e6 10. Re1 Be7 11. d3 O-O 12. h3 Bf5 13. Bf4 Nd5 14.
Bxd5 exd5 15. d4 cxd4 16. cxd4 Bf6 17. Nf3 Bxd4 18. Nc3 Bxc3 19. bxc3 Rac8 20. Rad1 Rfd8 21. Nd4 Nxd4 22. cxd4 Be6 23.
Rb1 b6 24. Rb2 Rc4 25. Be3 Rdc8 26. Kh2 Kf8 27. Ra1 Ra4 28. Rb3 Ke7 29. a3 Rcc4 30. Rd3 Bf5 31. Rb3 Kd7 32. Rc1 Be6 33.
g4 f6 34. Rd1 Rc2 35. Bc1 Rxf2+ 36. Kg3 Re2 37. Bf4 g5 38. Be3 Rc4 39. Rf1 Ke7 40. a4 Ra2 41. Bg1 Rcc2 42. Re3 Rxa4 43. Ref3 Raa2 44. Rxf6 Rg2+ 45.
Kf3 Kxf6 46. Ke3+ Ke7 47. Bf2 Rgxf2 48. Rxf2 Rxf2 49. Kxf2 b5 50. Ke3 a5 51. Kd3 Kd6 52. Kc3 Kc6 53.
Kb3 b4 54. Ka4 Kb6 55. Kb3 Kb5 56. Kb2 a4 57. Kc2 Kc4 58. Kb2 Kxd4 59. Kc2 Ke4 60. Kb2 d4 61. Kc2 Bc4 62. Kd2 Kf3 63.
Kc2 Kg3 64. Kd2 Kxh3 65. Kc2 Kxg4 66. Kd2 Kf3 67. Kc2 g4 68. Kd2 h5 69. Kc2 h4 70. Kd2 h3 71. Kc2 h2 72. Kd2 h1=N 73.
Kc2 g3 74. Kd2 g2 75. Kc2 g1=N 76. Kd2 Ng3 77. Kc2 Ke2 78. Kb2 Kd2 79. Ka1 Bf1 80. Kb2 Nf3 81. Kb1 Ne1 82. Kb2 Nd3+ 83.
Kb1 Ne4 84. Ka2 Kc2 85. Ka1 Kb3 86. Kb1 Be2 87. Ka1 Ka3 88. Kb1 b3 89. Ka1 b2+ 90. Kb1 Ndc5 91. Kc2 d3+ 92. Kb1 d2 93.
Kc2 d1=B+ 94. Kb1 Nd2# 0-1

[Event "Latvijas 2022. gada jauniešu čempionāta fināls"]
[Site "Riga, Latvia"]
[Date "2022.06.16"]
[Round "9.24"]
[White "Podojniks, Marks Ernests"]
[Black "Fridensteins-Bridins, Atis"]
[Result "1/2-1/2"]
[TimeControl "3600+30"]
[WhiteElo "1372"]
[BlackElo "1704"]

1. e4 e5 2. Nf3 Nc6 3. Bc4 Nf6 4.
d3 Be7 5. c3 d6 6. Bb3 h6 7. Nbd2 Na5 8. Bc2 c5 9. Nf1 b5 10. Ng3 Nc6 11. O-O O-O 12. h3 Re8 13. Re1 Bf8 14.
Be3 d5 15. exd5 Nxd5 1/2-1/2

[Event "Latvijas 2022. gada jauniešu čempionāta fināls"]
[Site "Riga, Latvia"]
[Date "2022.06.16"]
[Round "9.25"]
[White "Sestakovs, Maksims"]
[Black "Steinbergs, Raivo"]
[Result "0-1"]
[TimeControl "3600+30"]
[WhiteElo "1138"]
[BlackElo "1397"]

1. b4 e5 2. b5 a6 3. c4 axb5 4. cxb5 d5 5. Bb2 Nd7 6. e3 Ngf6 7. Nf3 Bd6 8. Be2 O-O 9. O-O c6 10.
Nc3 e4 11. Nd4 Ne5 12. a4 c5 13. Nb3 Nd3 14. Bxd3 exd3 15. Nc1 c4 16. f3 Bc5 17. Kh1 Re8 18. Ba3 Bb6 19. Bb4 Bd7 20.
N1a2 d4 21. Ne4 Nxe4 22. fxe4 dxe3 23. dxe3 Rxe4 24. Qf3 f5 25. Bd2 Rxa4 26. Nc3 Rxa1 27. Rxa1 Re8 28. Qxb7 Bxe3 29. Qd5+ Kh8 30.
Bxe3 Rxe3 31. Qxc4 d2 32. Qf1 h6 33. Nd5 Bxb5 34. Nxe3 Bxf1 35. Rxf1 Qd3 36. Rg1 Qxe3 37. h3 Qxg1+ 38. Kxg1 d1=Q+ 39. Kh2 g5 40. h4 f4 41. hxg5 hxg5 42.
Kh3 Qh5# 0-1

[Event "Latvijas 2022. gada jauniešu čempionāta fināls"]
[Site "Riga, Latvia"]
[Date "2022.06.16"]
[Round "9.26"]
[White "Freibergs, Andrejs"]
[Black "Adamovics, Aleksejs"]
[Result "0-1"]
[TimeControl "3600+30"]
[WhiteElo "1526"]
[BlackElo "1922"]

1. e4 c5 2. Nf3 Nc6 3. d4 cxd4 4.
Nxd4 Nf6 5. f3 Qb6 6. c3 e6 7. Qb3 Nxd4 8. Qxb6 Nxf3+ 9. gxf3 axb6 10. Rg1 d5 11. e5 Nd7 12. Bb5 Kd8 13.
f4 g6 14. b4 Nb8 15. Be3 Kc7 16. a4 Nc6 17. Na3 Bd7 18. Rg2 d4 19. Bxd4 Nxd4 20. Bxd7 Nf3+ 21. Kf2 Nh4 22. Rg4 Kxd7 23.
Rxh4 Rxa4 24. Rd1+ Kc6 25. Nc2 Ra2 26. Rd2 Kc7 27. Rh3 Be7 28. Rhd3 Rd8 29. Rxd8 Bxd8 30. Ke2 g5 31. Kd3 gxf4 32.
Rf2 Bg5 33. Rf3 Kd7 34. h3 Ke7 35. Nd4 f6 36. exf6+ Kxf6 37. Ne2 e5 38. Ng3 Bh4 39. Ne4+ Ke6 40. Kc4 Ra1 41. Rd3 Re1 42.
Nd2 Re3 43. Nf3 Bf2 44. Ng5+ Kf5 45. Nxh7 Rxd3 46. Kxd3 e4+ 47. Ke2 Bh4 48. Nf8 f3+ 49. Ke3 Bg5+ 50. Kf2 Bf6 51. c4 Bd4+ 52.
Kg3 Bc3 53. Kf2 Bxb4 54. Nd7 Bc5+ 0-1

[Event "Latvijas 2022. gada jauniešu čempionāta fināls"]
[Site "Riga, Latvia"]
[Date "2022.06.16"]
[Round "9.27"]
[White "Germanovs, Georgijs"]
[Black "Karasevics, Aleksandrs"]
[Result "1-0"]
[TimeControl "3600+30"]
[WhiteElo "1750"]
[BlackElo "1427"]

1. d4 d5 2. Nf3 c5 3. c3 Nc6 4. Bf4 Nf6 5. e3 Qb6 6. Qc2 g6 7. Nbd2 Bg7 8. Be2 O-O 9. O-O Nh5 10.
Bg5 Re8 11. a4 Bf5 12. dxc5 Qxc5 13. Qb3 Rab8 14. Nd4 Nf6 15. Nxf5 gxf5 16. Bxf6 Bxf6 17. Nf3 e5 18. Rfd1 Red8 19.
Qb5 Qd6 20. c4 d4 21. e4 f4 22. c5 Qc7 23. Qc4 a5 24. Rac1 Nb4 25. Ne1 Qc6 26. f3 Be7 27. Nd3 Nxd3 28.
Bxd3 b6 29. cxb6 Qxc4 30. Bxc4 Rxb6 31. b3 Bb4 32. Kf1 Rbd6 33. Ke2 Kg7 34. Kd3 h5 35. g3 fxg3 36. hxg3 f6 37. Rh1 Kg6 38.
g4 hxg4 39. Rcg1 f5 40. exf5+ Kxf5 41. Rxg4 Rg6 42. Rh5+ Kf6 43. Rgh4 Rf8 44. Ke4 Bd6 45. Rh7 Bb8 46. Rb7 Kg5 47.
Rg4+ Kh6 48. Rxg6+ Kxg6 49. Kd5 Rxf3 50. Rxb8 d3 51. Ke4 d2 52. Rd8 1-0